 Dungeon Crawl Stone Soup version 0.29.0-11-gd7f09526c8 (webtiles) character file.

Game seed: 12494373092883274606

7913 Drevant2 the Impaler (level 11, -14/78 HPs)
             Began as a Merfolk Gladiator on Sept 4, 2022.
             Was a High Priest of Okawaru.
             Demolished by a large abomination (19 damage)
             ... on level 1 of the Abyss.
             The game lasted 00:20:20 (9401 turns).

Drevant2 the Impaler (Merfolk Gladiator)            Turns: 9401, Time: 00:20:21

Health: -14/78     AC:  9    Str: 15    XL:     11   Next: 22%
Magic:  17/17      EV: 31    Int:  3    God:    Okawaru [*****.]
Gold:   114        SH:  0    Dex: 20    Spells: 10/10 levels left

rFire   . . .      SeeInvis .   z - +3 halberd (venom)
rCold   + . .      Faith    .   (shield currently unavailable)
rNeg    . . .      Spirit   .   O - +0 steam dragon scales
rPois   .          Reflect  .   y - +2 helmet
rElec   .          Harm     .   u - +0 cloak
rCorr   .          Rampage  .   (no gloves)
Will    .....                   (no boots)
Stlth   ++........              A - amulet of the acrobat
HPRegen 0.23/turn               D - +4 ring of slaying
MPRegen 0.15/turn               H - ring of protection from cold

@: about to teleport, acrobatic
A: (nimble swimmer 2), mertail, [dopey 2]
a: Renounce Religion, Heroism, Finesse, Duel


You were on level 1 of the Abyss.
You worshipped Okawaru.
Okawaru was extremely pleased with you.
You visited 2 branches of the dungeon, and saw 11 of its levels.
You visited the Abyss 1 time.

You collected 618 gold pieces.
You spent 504 gold pieces at shops.

Inventory:

Hand Weapons
 a - a +0 trident
 o - the +7 hand axe of Kirphe Woamn {venom, Will+}
   (You found it on level 2 of the Dungeon)

   It poisons the flesh of those it strikes.
   Will:      It increases your willpower.
 z - a +3 halberd of venom (weapon)
Missiles
 e - a javelin
 N - 5 silver javelins (quivered)
Armour
 b - a +0 leather armour
 c - a +0 helmet
 h - a +1 ring mail of cold resistance
 u - a +0 cloak (worn)
 y - a +2 helmet (worn)
 O - +0 steam dragon scales (worn)
 P - a +0 troll leather armour
Jewellery
 A - an amulet of the acrobat (around neck)
 D - a +4 ring of slaying (left hand)
 H - a ring of protection from cold (right hand)
 J - an amulet of magic regeneration
Wands
 B - a wand of light (10)
 L - a wand of polymorph (4)
Scrolls
 f - 2 scrolls of enchant armour {unknown}
 i - a scroll of vulnerability {unknown}
 j - a scroll of torment
 k - 2 scrolls of amnesia {unknown}
 l - 2 scrolls of noise
 p - 2 scrolls of magic mapping {unknown}
 r - 6 scrolls of teleportation
 v - a scroll of butterflies
 w - 2 scrolls of fear
 x - 2 scrolls of summoning {unknown}
 E - a scroll of poison
 F - a scroll of silence
 I - a scroll of immolation {unknown}
 M - a scroll of brand weapon {unknown}
Potions
 d - a potion of ambrosia
 g - 9 potions of curing
 m - 4 potions of mutation
 n - 4 potions of brilliance
 t - 2 potions of lignification
 G - 2 potions of flight
 K - a potion of invisibility


   Skills:
 - Level 4.5 Fighting
 * Level 17.9 Polearms
 - Level 2.0 Throwing
 - Level 6.2 Dodging
 - Level 9.2 Invocations


You had 10 spell levels left.
You didn't know any spells.
Your spell library contained the following spells:

 Spells                   Type           Power      Damage    Failure   Level
 Apportation              Tloc           0%         N/A       52%         1
 Foxfire                  Conj/Fire      0%         2x1d4     52%         1
 Necrotise                Necr           0%         1d4       52%         1
 Conjure Flame            Conj/Fire      0%         6-21      88%         3
 Inner Flame              Hex/Fire       0%         N/A       88%         3
 Vampiric Draining        Necr           0%         2d6       88%         3
 Flame Wave               Conj/Fire      0%         2d4       99%         4
 Agony                    Necr           0%         N/A       100%        5
 Alistair's Intoxication  Tmut/Pois      0%         N/A       100%        5


Dungeon Overview and Level Annotations

Branches:
Dungeon (10/15)            Temple (1/1) D:4
   Lair: D:8-11         Orc: D:9-12

Altars:
Ashenzari
Cheibriados
Dithmenos
Elyvilon
Fedhas
Gozag
Hepliaklqana
Kikubaaqudgha
Makhleb
Nemelex Xobeh
Okawaru
Qazlal
Ru
Sif Muna
Trog
Uskayaw
Vehumet
Wu Jian
Xom
Yredelemnul
Zin
The Shining One

Shops:
D:4 (   D:7 !   D:9 [*(

Annotations:
D:10 Erolcha


Innate Abilities, Weirdness & Mutations

((You are very nimble when in or above water. (Stealth+, EV+, Speed+++)))
Your lower body shifts to a powerful aquatic tail in water.
[You are very dopey. (Int -4)]


Message History

Something smites you!
You puncture the smoke demon!
The smoke demon is moderately wounded.
The smoke demon gestures at you. Something smites you!
You impale the smoke demon!!
You kill the smoke demon!
Okawaru accepts your kill.
You start resting.
You are suddenly pulled into a different region of the Abyss!
You start resting.
A large abomination comes into view.
A large abomination is nearby!
You open the door.
A wretched star comes into view.
You hit the wretched star.
The wretched star is heavily damaged.
You hit the wretched star but do no damage.
The wretched star is heavily damaged.
The wretched star pulses with an eldritch light!
You feel stupid. x2
Okay, then.
As you read the scroll of teleportation, it crumbles to dust.
You feel strangely unstable.
You feel the power of the Abyss delaying your translocation!
The wretched star glows turbulently.
The lance of force hits you!
You are knocked back by the lance of force.
You slam into the stone wall!
The large abomination hits you.
The large abomination attacks as you move away!
The large abomination closely misses you.
The wretched star glows turbulently.
The lance of force hits you!
* * * LOW HITPOINT WARNING * * *
You are knocked back by the lance of force.
You slam into the rock wall!
* * * LOW HITPOINT WARNING * * *
The large abomination attacks as you move away!
The large abomination hits you!!
You die...

#.#. . .#. #. #..
.# # ...##. # #.
#.... °##
#..##..#####..#.#
.#......#..#......
. #.@..*'...... #
. #..X..#...
..#####..#
..#.#..8#
#.#...####
##.####..###
#.#.#... .# #.....
#..#.# ##.. #. ##
.#


You could see a wretched star and a large abomination.

Vanquished Creatures
  Pikel (D:6)
  3 smoke demons (Abyss:1)
  A hellwing (Abyss:1)
  A troll (D:10)
  Prince Ribbit (D:9)
  A hornet (D:8)
  2 shadows (D:9)
  A wyvern (D:9)
  4 yaks
  3 wraiths (D:10)
  A vampire (D:10)
  A naga simulacrum (Abyss:1)
  2 steam dragons
  Menkaure (D:6)
  3 sky beasts
  Duvessa (D:5)
  3 orc warriors (D:8)
  2 black bears (D:8)
  A large abomination (Abyss:1)
  An ogre (D:6)
  A centaur (D:9)
  2 phantoms (D:4)
  2 lemures (D:6)
  2 kobold brigands
  3 bullfrogs
  3 scorpions
  A water moccasin zombie (D:7)
  6 wights
  Dowan (D:5)
  5 killer bees (D:9)
  5 howler monkeys
  A centaur zombie (D:7)
  A bullfrog zombie (D:7)
  3 hounds
  Crazy Yiuf (D:6)
  3 orc priests
  2 gnoll boudas (D:9)
  3 jellies
  An iron imp (D:6)
  Terence (D:2)
  11 orc wizards
  12 gnolls
  5 adders
  A white imp (D:6)
  2 ufetubi
  A worm (D:4)
  3 dart slugs
  29 orcs
  3 bats
  9 endoplasms
  3 giant cockroaches
  7 goblins
  5 hobgoblins
  2 quokkas (D:5)
  3 ball pythons
  6 frilled lizards
  14 kobolds
  8 rats
205 creatures vanquished.

Vanquished Creatures (others)
  3 fungi (D:8)
  14 plants
  A withered plant (D:7)
18 creatures vanquished.

Grand Total: 223 creatures vanquished

Notes
Turn   | Place    | Note
-------+----------+-------------------------------------------
     0 | D:1      | Drevant2 the Merfolk Gladiator began the quest for the Orb.
     0 | D:1      | Reached XP level 1. HP: 16/16 MP: 1/1
    32 | D:1      | Found a faded altar of an unknown god.
   408 | D:1      | Reached XP level 2. HP: 22/22 MP: 2/2
   533 | D:1      | Reached skill level 5 in Polearms
   877 | D:2      | Identified the +7 hand axe of Kirphe Woamn {venom, Will+}
   935 | D:2      | Reached XP level 3. HP: 27/27 MP: 3/3
   954 | D:2      | Noticed Terence
   961 | D:2      | Killed Terence
   962 | D:2      | Reached skill level 6 in Polearms
  1178 | D:2      | Reached XP level 4. HP: 33/33 MP: 4/4
  1843 | D:3      | Found an opulent altar of Gozag.
  2080 | D:4      | Reached skill level 7 in Polearms
  2085 | D:4      | Reached XP level 5. HP: 15/38 MP: 5/5
  2250 | D:4      | Noticed a phantom
  2251 | D:4      | Reached skill level 8 in Polearms
  2469 | D:4      | Noticed a phantom
  2487 | D:5      | Entered Level 5 of the Dungeon
  2525 | D:5      | Found a shadowy altar of Dithmenos.
  2574 | D:5      | Reached XP level 6. HP: 40/44 MP: 6/6
  2735 | D:5      | Reached skill level 9 in Polearms
  2914 | D:5      | Reached skill level 10 in Polearms
  2914 | D:5      | Reached XP level 7. HP: 46/50 MP: 7/7
  2969 | D:5      | Noticed Dowan
  2974 | D:5      | Killed Dowan
  3017 | D:5      | Reached skill level 5 in Dodging
  3055 | D:5      | Noticed Duvessa
  3064 | D:5      | Killed Duvessa
  3321 | D:5      | Found a shimmering blue altar of Sif Muna.
  3355 | D:5      | Noticed a kobold demonologist
  3439 | D:4      | Found a hide-covered altar of Uskayaw.
  3447 | D:4      | Found a staircase to the Ecumenical Temple.
  3456 | Temple   | Entered the Ecumenical Temple
  3581 | Temple   | Became a worshipper of Warmaster Okawaru
  3644 | D:4      | Found Voho's Antique Weapon Shoppe.
  3714 | D:4      | Reached XP level 8. HP: 54/61 MP: 8/8
  3920 | D:5      | Found a basalt altar of Yredelemnul.
  4014 | D:5      | Noticed a gargoyle
  4238 | D:6      | Noticed Menkaure
  4253 | D:6      | Killed Menkaure
  4253 | D:6      | Reached * piety under Okawaru
  4254 | D:6      | Reached skill level 11 in Polearms
  4500 | D:6      | Found a burning altar of Makhleb.
  4561 | D:6      | Noticed Pikel
  4566 | D:6      | Killed Pikel
  4566 | D:6      | Reached ** piety under Okawaru
  4567 | D:6      | Reached skill level 13 in Polearms
  4784 | D:6      | Found a runed translucent door.
  4785 | D:6      | Noticed Crazy Yiuf
  5187 | D:6      | Killed Crazy Yiuf
  5188 | D:6      | Reached skill level 1 in Invocations
  5188 | D:6      | Reached XP level 9. HP: 54/66 MP: 9/9
  5652 | D:7      | Found an ornate altar of the Wu Jian Council.
  5658 | D:7      | Reached skill level 5 in Invocations
  5788 | D:7      | Found a glowing golden altar of the Shining One.
  6034 | D:7      | Found an ancient bone altar of Kikubaaqudgha.
  6270 | D:7      | Found Xuoj's Distillery.
  6275 | D:7      | Bought a potion of flight for 36 gold pieces
  6275 | D:7      | Bought a potion of lignification for 36 gold pieces
  6275 | D:7      | Bought a potion of invisibility for 96 gold pieces
  6275 | D:7      | Bought a potion of heal wounds for 60 gold pieces
  6275 | D:7      | Bought a potion of degeneration for 12 gold pieces
  6275 | D:7      | Bought a potion of haste for 120 gold pieces
  6439 | D:8      | Found a bloodstained altar of Trog.
  6440 | D:8      | Found a sacrificial altar of Ru.
  6450 | D:8      | Reached *** piety under Okawaru
  6851 | D:8      | Noticed a hornet
  6865 | D:8      | Killed a hornet
  6866 | D:8      | Reached XP level 10. HP: 67/73 MP: 16/16
  7169 | D:9      | Found Iruesy's Weapon Shop.
  7188 | D:9      | Reached **** piety under Okawaru
  7189 | D:9      | Reached skill level 14 in Polearms
  7285 | D:9      | Found a broken altar of Ashenzari.
  7308 | D:9      | Noticed Prince Ribbit
  7313 | D:9      | Killed Prince Ribbit
  7438 | D:9      | Found Niplawn's Antique Armour Shop.
  7445 | D:9      | Received a gift from Okawaru
  7473 | D:9      | Reached skill level 15 in Polearms
  7893 | D:9      | Found Yqicuil's Assorted Antiques.
  7991 | D:9      | Bought a scroll of identify for 48 gold pieces
  7991 | D:9      | Bought a scroll of fear for 96 gold pieces
  8323 | D:9      | Reached skill level 16 in Polearms
  8378 | D:9      | Found a snail-covered altar of Cheibriados.
  8446 | D:10     | Entered Level 10 of the Dungeon
  8626 | D:10     | Reached ***** piety under Okawaru
  8720 | D:10     | Reached XP level 11. HP: 50/78 MP: 17/17
  8891 | D:10     | Noticed Erolcha
  9129 | Abyss:1  | Cast into level 1 of the Abyss (Erolcha)
  9147 | Abyss:1  | Reached skill level 17 in Polearms
  9175 | Abyss:1  | Received a gift from Okawaru
  9385 | Abyss:1  | Noticed a large abomination
  9395 | Abyss:1  | Noticed a wretched star
  9401 | Abyss:1  | Demolished by a large abomination

Illustrated notes

Levels and vault maps discovered:
D:1:      dpeg_arrival_rooms_c, layout_basic, hellmonk_ecumenical_altar_lost_god
D:2:      layout_loops_ring, uniq_terence
D:3:      layout_basic, lemuel_crystal_altar
D:4:      layout_rooms, nicolae_uskayaw_suspiria, temple_statues, serial_shops,
          shop
D:5:      layout_loops_ring, overflow_temple_1_default,
          mainiacjoe_overflow_alcove_4, mainiacjoe_overflow_boulevard,
          minmay_diced_spiral, uniq_duvessa
D:6:      lemuel_ice_spiral_2, layout_basic, makhleb_grotto_becter,
          uniq_crazy_yiuf_cottage, uniq_pikel, uniq_menkaure
D:7:      layout_basic, nicolae_tso_carved_into_rock,
          mainiacjoe_overflow_small_starburst, kiku_gazebo_garden_becter,
          serial_undead, serial_undead_e, serial_undead_b, serial_undead_b,
          serial_undead_b, serial_shops, nicolae_shop_trees,
          minmay_misc_feat_rows, chequers_serial_rivers_large_a
D:8:      layout_loops_ring, mainiacjoe_overflow_large_starburst,
          david_lair_generic
D:9:      layout_basic, lemuel_crystal_altar, ashenzari_altar_1, serial_shops,
          nicolae_shop_trees, nicolae_shop_overgrown_old_shop,
          nicolae_stop_n_shop_2, dreamdust_gnoll_shepherd, uniq_prince_ribbit1
D:10:     layout_irregular_city, serial_column_ruins, column_ruins_grid_5,
          column_ruins_square_large, column_ruins_grid_1,
          column_ruins_columns_straight, column_ruins_open_large,
          serial_bayou_crossing, uniq_erolcha
Temple:   nicolae_temple_figure_zero
Abyss:1:  base: Temple, lemuel_flamethrower_hall

Skill      XL: |  1  2  3  4  5  6  7  8  9 10 11 |
---------------+----------------------------------+-----
Polearms       | 5 6 7 8 10 13 16 17 | 17.9
Dodging        | 6 |  6.2
Fighting       | 4 |  4.5
Invocations    | 1 8 9 |  9.2
Throwing       | |  2.0

Action                   |  1- 3 |  4- 6 |  7- 9 | 10-12 || total
-------------------------+-------+-------+-------+-------++-------
Melee: Trident           |    44 |       |       |       ||    44
       Hand axe          |    18 |    52 |       |       ||    70
       Punch             |       |     1 |       |       ||     1
       Halberd           |       |    84 |   198 |   218 ||   500
Throw: Throwing net      |       |       |     4 |     1 ||     5
       Javelin           |       |       |     2 |     1 ||     3
  Use: Potion            |       |     2 |     1 |     7 ||    10
       Scroll            |       |       |     8 |     9 ||    17
 Stab: Sleeping          |     2 |       |       |     1 ||     3
       Held in net/web   |       |       |     2 |     2 ||     4
       Distracted        |       |       |       |     2 ||     2
Armor: Leather armour    |     1 |       |       |       ||     1
       Ring mail         |    12 |    60 |    63 |    11 ||   146
       Steam dragon scal |       |       |       |    18 ||    18
Dodge: Dodged            |    27 |    84 |    96 |    90 ||   297
